 Dungeon Crawl Stone Soup version 0.18.1-48-g4cf74bf (webtiles) character file.

3037 Gargoyl the Protected (level 9, -11/71 HPs)
             Began as a Demonspawn Abyssal Knight on July 5, 2016.
             Was an Elder of Lugonu.
             Killed from afar by Maurice (15 damage)
             ... with a wand of acid
             ... on level 9 of the Dungeon on July 6, 2016.
             The game lasted 00:20:51 (9993 turns).

Gargoyl the Protected (Demonspawn Abyssal Knight)   Turns: 9993, Time: 00:20:52

Health: -11/71     AC:  9    Str: 17    XL:     9   Next: 56%
Magic:  11/11      EV:  9    Int: 13    God:    Lugonu [****..]
Gold:   629        SH:  0    Dex: 12    Spells: 0 memorised, 8 levels left

rFire  . . .     SeeInvis .     y - +7 hand axe of Triumph {chop, -Tele rC+ rN+}
rCold  + + .     Gourm    .     l - +0 chain mail
rNeg   + . .     Faith    .     (no shield)
rPois  .         Spirit   .     (no helmet)
rElec  .         Dismiss  .     s - +1 cloak
rCorr  .         Reflect  .     t - +0 pair of gloves
SustAt +         Harm     .     (no boots)
MR     .....     NoTele   +     (no amulet)
Stlth  ..........               (no ring)
                                I - ring of sustain attributes

@: corroded, not resistant to hostile enchantments, extremely unstealthy
A: thin metallic scales 1, cold resistance 1, rot immunity, freezing cloud
immunity
a: Depart the Abyss, Bend Space, Banish, Corrupt, Renounce Religion


You were on level 9 of the Dungeon.
You worshipped Lugonu.
Lugonu was greatly pleased with you.
You were not hungry.

You visited 1 branch of the dungeon, and saw 9 of its levels.
You visited the Abyss 1 time.
You also visited: Ossuary.

You collected 629 gold pieces.

Inventory:

Hand Weapons
 a - a +1 hand axe
 e - a +1 broad axe
 y - the +7 hand axe of Triumph (weapon) {chop, -Tele rC+ rN+}
   (You found it on level 4 of the Dungeon)

   It inflicts extra damage upon your enemies.
   It protects you from cold.
   It protects you from negative energy.
   It prevents most forms of teleportation.
Armour
 l - a +0 chain mail (worn)
 s - a +1 cloak (worn)
 t - a +0 pair of gloves (worn)
Jewellery
 I - a ring of sustain attributes (left hand)
Wands
 j - a wand of iceblast (15/15)
 z - a wand of acid (5/15)
Scrolls
 b - 3 scrolls of fear
 d - a scroll of identify
 f - a scroll of recharging
 x - 6 scrolls of remove curse
 D - a scroll of magic mapping
 E - 2 scrolls of teleportation
 J - a scroll of blinking
Potions
 g - 2 potions of flight
 i - 2 potions of berserk rage {unknown}
 k - 3 potions of curing
 m - 2 potions of cure mutation
 n - 2 potions of invisibility {unknown}
 p - 2 potions of haste {unknown}
 r - a potion of heal wounds
 u - a potion of agility {unknown}
 v - a potion of mutation {unknown}
 A - 3 potions of degeneration {unknown}
 B - a potion of might {unknown}
 F - 2 potions of cancellation {unknown}
 G - a potion of brilliance {unknown}
Books
 H - a book of Dreams

   Spells                             Type                      Level
   a - Ensorcelled Hibernation        Hexes/Ice                    2
   b - Silence                        Hexes/Air                    5
   c - Darkness                       Hexes                        6
   d - Shadow Creatures               Summoning                    6
Comestibles
 c - 10 bread rations
 q - 4 beef jerkies
 w - 2 meat rations
 C - 7 slices of pizza


   Skills:
 + Level 6.4 Fighting
 + Level 5.8 Axes
 * Level 8.8 Armour
 + Level 3.9 Dodging
 + Level 1.2 Stealth
 + Level 2.9 Invocations


You had 8 spell levels left.
You didn't know any spells.

Dungeon Overview and Level Annotations

Branches:
Dungeon (9/15)             Temple (0/1) D:6            Lair (0/8) D:8
    Orc: D:9-12

Altars:
Ashenzari
Dithmenos
Fedhas
Gozag
Makhleb
Pakellas
Qazlal
Vehumet
Xom

Shops:
D:8 (

Annotations:
D:9 Maurice


Innate Abilities, Weirdness & Mutations

You are partially covered in thin metallic scales (AC +2).
Your flesh is cold resistant.
You are immune to rotting.
You are immune to freezing clouds.


Message History

You hear a zap.
A bolt of acid appears from out of thin air!
The bolt of acid hits you! The acid corrodes you!
The acid burns!
You closely miss something. Something hits you.
Something steals your 2 fizzy yellow potions!
The phantom blinks!
You hit something.
The phantom blinks!
Something hits you but does no damage.
You hit something but do no damage. Something hits you but does no damage.
You barely miss something. Something hits you but does no damage.
You closely miss something.
You hear a zap.
A bolt of acid appears from out of thin air!
The bolt of acid hits you!
* * * LOW HITPOINT WARNING * * *
The acid burns!
* * * LOW HITPOINT WARNING * * *
You hear a zap.
A bolt of acid appears from out of thin air!
The bolt of acid hits you!
You die...

#.### #+# ###....##
#.## ........# #<@#
........# ###{###
........# #.....#
>.......# #.....#
....>...######.W...#
.......@'...##.....#
.......[###..'.....#
........# ####.....#
........# #.....+


You could see a phantom.

Vanquished Creatures
  A human (D:7)
  A hungry ghost (D:8)
  A water moccasin (D:8)
  An ice beast (D:7)
  3 orc warriors
  2 black bears (D:6)
  An ogre (D:5)
  A centaur (D:7)
  6 giant frogs
  A wyvern zombie (D:8)
  A scorpion (D:6)
  3 killer bees (D:8)
  An electric eel (D:6)
  3 crimson imps
  A jelly (D:6)
  A giant frog skeleton (D:5)
  3 orc priests
  4 hounds
  2 orc wizards
  Crazy Yiuf (D:2)
  2 iguanas
  3 worker ants
  4 sheep (D:7)
  A big kobold zombie (Ossuary)
  A hound skeleton (D:8)
  9 mummies
  A howler monkey zombie (D:5)
  12 adders
  7 gnolls
  A shadow imp (D:8)
  2 oozes
  An adder skeleton (D:3)
  2 adder zombies (D:8)
  4 worms
  2 dart slugs
  4 giant geckos
  25 orcs
  14 bats
  7 giant cockroaches
  9 goblins
  11 hobgoblins
  4 jackals (D:3)
  4 quokkas
  A ball python (D:3)
  2 giant gecko skeletons
  6 giant newts
  3 hobgoblin zombies (Ossuary)
  16 kobolds
  2 kobold zombies (Ossuary)
  2 orc zombies (Ossuary)
  13 rats
  A fungus (D:2)
214 creatures vanquished.

Vanquished Creatures (others)
  An orc warrior (D:8)
  The ghost of Krovax444 the Caller, an amateur TeSu (D:3)
2 creatures vanquished.

Grand Total: 216 creatures vanquished

Notes
Turn   | Place    | Note
--------------------------------------------------------------
     0 | Abyss:1  | Gargoyl the Demonspawn Abyssal Knight began the quest for the Orb.
     0 | Abyss:1  | Reached XP level 1. HP: 18/18 MP: 2/2
     0 | Abyss:1  | Found a corrupted altar of Lugonu.
    59 | Abyss:2  | Found a sacrificial altar of Ru.
   107 | Abyss:2  | Noticed a sixfirhy
   107 | D:1      | Escaped the Abyss
   439 | D:1      | Reached * piety under Lugonu
   439 | D:1      | Reached skill level 1 in Dodging
   569 | D:1      | Gained mutation: You are immune to rotting. [demonic ancestry]
   569 | D:1      | Reached XP level 2. HP: 14/24 MP: 3/3
   747 | D:1      | Reached skill level 2 in Armour
  1097 | D:1      | Gained mutation: You are partially covered in thin metallic scales (AC +2). [demonic ancestry]
  1097 | D:1      | Reached XP level 3. HP: 22/29 MP: 4/4
  1356 | D:1      | Reached ** piety under Lugonu
  2123 | D:2      | Reached XP level 4. HP: 8/37 MP: 5/5
  2384 | D:2      | Found a shattered altar of Ashenzari.
  2388 | D:2      | Reached skill level 3 in Armour
  2551 | D:2      | Noticed Crazy Yiuf
  2577 | D:2      | Killed Crazy Yiuf
  3079 | D:2      | Gained mutation: Your flesh is cold resistant. [demonic ancestry]
  3079 | D:2      | Reached XP level 5. HP: 42/42 MP: 6/6
  3575 | D:3      | Found an opulent altar of Gozag.
  3760 | D:3      | Found a shadowy altar of Dithmenos.
  3764 | D:3      | Found an oddly glowing altar of Pakellas.
  4074 | D:3      | Found a blossoming altar of Fedhas.
  4137 | D:3      | Reached *** piety under Lugonu
  4361 | D:3      | Noticed Krovax444's ghost (amateur TeSu)
  4373 | D:3      | Banished Krovax444's ghost
  4373 | D:3      | Reached XP level 6. HP: 21/48 MP: 7/7
  4569 | D:3      | Reached skill level 4 in Armour
  5180 | D:4      | Got a steaming hand axe
  5181 | D:4      | Identified the +7 hand axe of Triumph {chop, -Tele rC+ rN+} (You found it on level 4 of the Dungeon)
  5719 | D:5      | Entered Level 5 of the Dungeon
  5796 | D:5      | Reached XP level 7. HP: 54/54 MP: 8/8
  5862 | D:5      | Found a sand-covered staircase.
  5874 | Ossuary  | Entered an ossuary
  5898 | Ossuary  | Reached **** piety under Lugonu
  5931 | Ossuary  | Reached skill level 5 in Armour
  6490 | D:5      | Got a slimy war axe
  6491 | D:5      | Identified the cursed +1 war axe "Caka" {antimagic, MR+} (You found it on level 5 of the Dungeon)
  6915 | D:6      | Reached skill level 5 in Fighting
  6942 | D:6      | Reached XP level 8. HP: 58/62 MP: 9/9
  6950 | D:6      | Reached skill level 1 in Stealth
  7056 | D:6      | Reached skill level 6 in Armour
  7130 | D:6      | Found a stormy altar of Qazlal.
  7184 | D:6      | Reached skill level 5 in Axes
  7431 | D:6      | Found a staircase to the Ecumenical Temple.
  7450 | D:6      | Found a radiant altar of Vehumet.
  8138 | D:7      | Reached skill level 7 in Armour
  8184 | D:7      | Gained mutation: You are immune to freezing clouds. [demonic ancestry]
  8184 | D:7      | Reached XP level 9. HP: 30/69 MP: 10/10
  9006 | D:8      | Reached skill level 8 in Armour
  9132 | D:8      | Found a burning altar of Makhleb.
  9133 | D:8      | Found a shimmering altar of Xom.
  9258 | D:8      | Found a staircase to the Lair.
  9726 | D:8      | Found Gaump's Antique Weapon Shoppe.
  9895 | D:9      | Noticed Maurice
  9993 | D:9      | Killed from afar by Maurice

Skill      XL: |  1  2  3  4  5  6  7  8  9 |
---------------+----------------------------+-----
Dodging        | 1 2 3 |  3.9
Armour         | 2 3 4 5 7 8 |  8.8
Axes           | 2 3 4 5 |  5.8
Fighting       | 4 5 6 |  6.4
Stealth        | 1 |  1.2
Invocations    | |  2.9

Action                   |  1- 3 |  4- 6 |  7- 9 || total
-------------------------+-------+-------+-------++-------
Melee: Broad axe         |   197 |   302 |       ||   499
       Hand axe          |       |    46 |   315 ||   361
Invok: Depart the Abyss  |     1 |       |       ||     1
       Banish            |       |     1 |     1 ||     2
  Use: Scroll            |     1 |     7 |     8 ||    16
       Potion            |       |     3 |     4 ||     7
  Eat: Chunk             |     3 |    14 |     9 ||    26
       Beef jerky        |       |       |     1 ||     1
       Pizza             |       |       |     2 ||     2
       Meat ration       |       |       |     1 ||     1
       Royal jelly       |       |       |     1 ||     1
Armor: Leather armour    |     7 |       |       ||     7
       Chain mail        |   183 |   317 |   199 ||   699
       Skin              |       |    15 |       ||    15
Dodge: Dodged            |    87 |   160 |   127 ||   374
